 Dungeon Crawl Stone Soup version 0.22.1-5-g62c59d9 (webtiles) character file.

268739 JustSomeDude the Unseen (level 19, -2/140 HPs)
             Began as a Demonspawn Fighter on Jan 9, 2019.
             Was a High Priest of Dithmenos.
             Slain by a jiangshi (7 damage)
             ... led by a vampire mage
             ... while paralysed by a vampire knight
             ... on level 1 of the Crypt.
             The game lasted 03:22:53 (40365 turns).

JustSomeDude the Unseen (Demonspawn Fighter)       Turns: 40365, Time: 03:22:54

Health: -2/140     AC: 17    Str: 18    XL:     19   Next: 38%
Magic:  35/35      EV:  2    Int: 10    God:    Dithmenos [*****.]
Gold:   3180       SH:  0    Dex: 28    Spells: 20/20 levels left

rFire    + + +     SeeInvis +   K - +9 short sword of Exoneration {freeze, rElec}
rCold    + . .     Gourm    .   G - +8 large shield of Kujodduz {rPois Regen+ Str-5 SInv}
rNeg     . . .     Faith    .   u - +0 fire dragon scales
rPois    +         Spirit   .   c - +2 hat
rElec    +         Reflect  +   F - scarf {rC+ rF+}
rCorr    +         Harm     .   X - +2 pair of gloves {Str+3}
MR       +....                  (boots unavailable)
Stlth    ++++++++++             e - +3 amulet of reflection
HPRegen  0.73/turn              S - ring of protection from magic
MPRegen  0.24/turn              V - ring "Bushro Piusi" {*Slow +Blink MP+9 Str+3 Dex+4}

@: paralysed, resistant (expiring), vulnerable, wreathed by umbra, heavily
drained
A: hooves 3, thin skeletal structure 2, blink, low mp 1, mutation resistance 1,
nightstalker 2, powered by death 3, augmentation 1
}: 2/15 runes: barnacled, gossamer
a: Blink, Shadow Step, Shadow Form, Renounce Religion, Evoke Blink


You were on level 1 of the Crypt.
You worshipped Dithmenos.
Dithmenos was extremely pleased with you.
You were not hungry.

You visited 11 branches of the dungeon, and saw 42 of its levels.
You also visited: Bailey.

You collected 4132 gold pieces.
You spent 952 gold pieces at shops.

Inventory:

Hand Weapons
 K - the +9 short sword of Exoneration (weapon) {freeze, rElec}
   (You bought it in a shop on level 6 of the Dungeon)

   It has been specially enchanted to freeze those struck by it, causing extra
   injury to most foes and up to half again as much damage against particularly
   susceptible opponents.
   It can also slow down cold-blooded creatures.
   It insulates you from electricity.
Missiles
 s - 65 tomahawks (quivered)
Armour
 c - a +2 hat (worn)
 r - the +2 pair of boots of the Pink Corner {Slay+3}
   (You acquired it on level 3 of the Spider Nest)

   It affects your accuracy and damage with ranged weapons and melee attacks
   (+3).
 u - +0 fire dragon scales (worn)
 B - the +1 pair of boots of the Game of Kings {rN+}
   (You found it on level 4 of the Dungeon)

   It protects you from negative energy.
 F - a scarf of resistance (worn)
 G - the +8 large shield of Kujodduz (worn) {rPois Regen+ Str-5 SInv}
   (You found it on level 8 of the Dungeon)

   It affects your strength (-5).
   It protects you from poison.
   It lets you see invisible.
   It increases your rate of regeneration.
 X - a +2 pair of gloves of strength (worn)
Jewellery
 e - a +3 amulet of reflection (around neck)
 m - an uncursed ring of flight
 S - a ring of protection from magic (left hand)
 V - the ring "Bushro Piusi" (right hand) {*Slow +Blink MP+9 Str+3 Dex+4}
   (You found it on level 2 of the Lair of Beasts)

   [ring of magical power]

   It affects your strength (+3).
   It affects your dexterity (+4).
   It affects your magic capacity (+9).
   It lets you blink.
   It may slow you when you take damage.
Wands
 b - a wand of paralysis (44)
 p - a wand of flame (89)
 E - a wand of iceblast (14)
 M - a wand of polymorph (45)
 N - a wand of enslavement (21)
 T - a wand of random effects (19)
 W - a wand of clouds (8)
Scrolls
 a - a scroll of acquirement
 d - 4 scrolls of fear
 g - 19 scrolls of remove curse
 j - 14 scrolls of identify
 o - 5 scrolls of immolation
 q - 11 scrolls of enchant armour
 w - 4 scrolls of enchant weapon
 x - 7 scrolls of amnesia
 y - a scroll of summoning
 z - 2 scrolls of magic mapping
 C - 11 scrolls of teleportation
 D - 2 scrolls of blinking
 J - 5 scrolls of torment
 L - a scroll of silence
 U - 3 scrolls of brand weapon
Potions
 i - 4 potions of flight
 k - a potion of heal wounds
 l - 2 potions of magic
 n - a potion of resistance
 t - a potion of haste
 A - 6 potions of ambrosia
 H - 5 potions of curing
 I - 4 potions of lignification
 P - 3 potions of cancellation
 Y - a potion of might
Miscellaneous
 v - a fan of gales
 O - a box of beasts
Comestibles
 f - 52 rations


   Skills:
 + Level 10.1(8.5) Fighting
 * Level 14.5(12.8) Short Blades
   Level 1.9(0.7) Polearms
 + Level 3.4(2.1) Throwing
 * Level 11.5(9.9) Armour
 + Level 8.4(6.9) Dodging
 + Level 17.2(15.3) Stealth
 + Level 14.3(12.6) Shields
 + Level 1.3(0.0) Unarmed Combat
 + Level 1.3(0.0) Spellcasting
 + Level 14.3(12.6) Invocations
 * Level 3.2(1.9) Evocations


You had 20 spell levels left.
You didn't know any spells.
Your spell library contained the following spells:

 Spells                   Type           Power        Failure   Level  Hunger
 Corona                   Hex            #......      99%         1    ##.....
 Flame Tongue             Conj/Fire      #....        99%         1    ##.....
 Freeze                   Ice            #...         99%         1    ##.....
 Summon Small Mammal      Summ           #...         99%         1    ##.....
 Call Imp                 Summ           #.......     100%        2    ###....
 Corpse Rot               Necr           N/A          100%        2    ###....
 Ensorcelled Hibernation  Hex/Ice        #.....       100%        2    ###....
 Passwall                 Tmut/Erth      #.......     100%        2    ###....
 Sublimation of Blood     Necr           #.........   100%        2    ###....
 Swiftness                Chrm/Air       #.......     100%        2    ###....
 Throw Flame              Conj/Fire      #.....       100%        2    ###....
 Throw Frost              Conj/Ice       #.....       100%        2    ###....
 Call Canine Familiar     Summ           #.......     100%        3    ####...
 Confuse                  Hex            #.......     100%        3    ####...
 Conjure Flame            Conj/Fire      #.......     100%        3    ####...
 Dazzling Spray           Conj/Hex       #.....       100%        3    ####...
 Inner Flame              Hex/Fire       #.......     100%        3    ####...
 Ozocubu's Armour         Chrm/Ice       #.......     100%        3    ####...
 Summon Guardian Golem    Hex/Summ       #.......     100%        3    ####...
 Tukima's Dance           Hex            #.......     100%        3    ####...
 Leda's Liquefaction      Hex/Erth       #.........   100%        4    #####..
 Passage of Golubria      Tloc           N/A          100%        4    #####..
 Sticky Flame             Conj/Fire      #.......     100%        4    #####..
 Summon Ice Beast         Ice/Summ       #.......     100%        4    #####..
 Summon Lightning Spire   Summ/Air       #.......     100%        4    #####..
 Throw Icicle             Conj/Ice       #.......     100%        4    #####..
 Agony                    Necr           #.......     100%        5    ######.
 Bolt of Draining         Conj/Necr      #.........   100%        5    ######.
 Bolt of Magma            Conj/Fire/Erth #.........   100%        5    ######.
 Borgnjor's Vile Clutch   Necr/Erth      #.........   100%        5    ######.
 Dispel Undead            Necr           #.......     100%        5    ######.
 Excruciating Wounds      Chrm/Necr      #.........   100%        5    ######.
 Fireball                 Conj/Fire      #.........   100%        5    ######.
 Lee's Rapid Deconstruct  Erth           #.........   100%        5    ######.
 Darkness                 Hex            #.........   100%        6    #######
 Death Channel            Necr           #.........   100%        6    #######
 Invisibility             Hex            #.......     100%        6    #######
 Iron Shot                Conj/Erth      #.........   100%        6    #######
 Statue Form              Tmut/Erth      #........    100%        6    #######
 Shatter                  Erth           #.........   100%        9    #######


Dungeon Overview and Level Annotations

Branches:
Dungeon (15/15)            Temple (1/1) D:4            Lair (6/6) D:9
 Shoals (4/4) Lair:4       Spider (4/4) Lair:3        Slime (4/5) Lair:5
    Orc (2/2) D:12            Elf (2/3) Orc:2        Vaults (2/5) D:13
  Crypt (1/3) Vaults:2     Depths (1/5) D:15

Altars:
Ashenzari
Dithmenos
Fedhas
Hepliaklqana
Kikubaaqudgha
Ru
Trog
Vehumet
Xom
Zin
The Shining One
Beogh

Shops:
D:6 (   D:12 (   Orc:2 :(}?   Elf:2 *   Vaults:1 %

Portals:
Wizlab: Crypt:1

Annotations:
Lair:3 exclusion: 3 oklob plants
Vaults:1 1 runed door, Bodigarde's ghost, adept SpEn


Innate Abilities, Weirdness & Mutations

You have hooves in place of feet.
You have a moderately thin skeletal structure. (Dex +4, Stealth+)
You are significantly more attuned to the shadows.
You regenerate a lot of health from kills.
Your magical and physical power is slightly enhanced at high health.
You can translocate small distances at will.
Your magical capacity is low. (-10% MP)
You are somewhat resistant to further mutation.


Message History

The jiangshi claws you!
The jiangshi draws strength from your injuries!
The jiangshi claws you but does no damage.
The vampire knight hits you with a war axe!!
The vampire knight bites you but does no damage.
The jiangshi claws you!
* * * LOW HITPOINT WARNING * * *
The jiangshi draws strength from your injuries!
The jiangshi claws you but does no damage.
The jiangshi claws you!
* * * LOW HITPOINT WARNING * * *
The jiangshi draws strength from your injuries!
The jiangshi completely misses you.
The vampire knight hits you with a war axe!
* * * LOW HITPOINT WARNING * * *
The vampire knight bites you.
* * * LOW HITPOINT WARNING * * *
The vampire knight draws strength from your injuries!
The jiangshi claws you!
You die...

#..#..)..#. ..#########
##.#...#.#p............#
#.#.#.#..... #........#
##§)#.#.#.#. #....)...#
##§#§#V#.#.## #........#
##Z§#V#V#.#.####........#
##WL§#§#Z..#............#
.#######.#.#.###V.......#
...##.##.....# #@.......#
#####.##.#...V.V........#
.####.#..#....##########
..............#
..............#
.........#....#
......?..#..(.
........##.... ..#......
)..


You could see a vampire knight and 2 jiangshi.

Vanquished Creatures
  Margery (Crypt:1)
  Jorgrun (Spider:2)
  3 ancient champions (Vaults:2)
  Kirke (D:14)
  Gastronok (Lair:3)
  Frances (D:14)
  Ilsuiw (Shoals:2)
  Roxanne (Shoals:4)
  9 ghost moths
  6 emperor scorpions (Spider:4)
  A deep elf sorcerer (Elf:1)
  3 vault wardens
  2 curse skulls
  A stone giant (D:13)
  2 ironheart preservers
  A dire elephant (D:15)
  3 merfolk javelineers (Shoals:4)
  A death ooze (Slime:3)
  11 merfolk impalers
  3 great orbs of eyes
  Fannar (Lair:2)
  2 deep elf high priests
  A deep elf death mage (Elf:1)
  A fire dragon (Lair:6)
  Erolcha (Orc:2)
  2 vault guards
  2 rakshasas
  10 hydras
  5 merfolk avatars (Shoals:4)
  An alligator snapping turtle (Shoals:4)
  8 two-headed ogres
  The ghost of bmj180 the Grappler, a novice TrMo of Fedhas (D:8)
  6 death yaks (Lair:6)
  4 centaur warriors
  2 satyrs
  2 merfolk aquamancers
  2 ogre magi (Vaults:1)
  A vampire mage (Crypt:1)
  22 dancing weapons
  Sonja (Orc:2)
  8 deep elf knights
  4 hell knights (Crypt:1)
  A soul eater (Crypt:1)
  Nergalle (Orc:2)
  A fire crab (shapeshifter) (Vaults:1)
  3 unseen horrors
  7 sea snakes
  3 wizards
  5 harpies
  9 deep elf archers
  An anaconda skeleton (Crypt:1)
  5 ironbrand convokers
  2 phantasmal warriors (Crypt:1)
  A wolf spider zombie (D:12)
  2 lindwurms
  50 deep elf magi
  7 orb spiders
  4 necromancers
  5 orc knights
  A shining eye (Slime:1)
  5 cyclopes
  6 ugly things (Vaults:1)
  4 fauns (Shoals:3)
  An oklob plant (Shoals:1)
  14 wolf spiders
  9 manticores
  8 orc sorcerers
  4 moths of wrath
  A frost giant skeleton (Crypt:1)
  An ice statue (D:12)
  3 vault sentinels
  5 water nymphs
  8 merfolk sirens
  16 elephants
  The ghost of Swamplord the Destroyer, a novice DEWz of Sif Muna (D:8)
  5 black mambas
  13 spiny frogs
  Psyche (D:8)
  3 gargoyles
  2 molten gargoyles (Lair:6)
  2 torpor snails
  A centaur skeleton (D:14)
  An alligator snapping turtle zombie (Crypt:1)
  10 komodo dragons
  2 rime drakes
  3 yaktaurs
  7 demonic crawlers
  2 efreet (D:15)
  A polar bear (Lair:6)
  7 trolls
  22 merfolk
  A jumping spider (shapeshifter) (Vaults:2)
  14 jumping spiders
  11 blink frogs (Lair:6)
  A meliai (shapeshifter) (Elf:2)
  8 wind drakes
  6 hornets
  A human simulacrum (Vaults:1)
  12 tyrant leeches (Spider:3)
  3 dream sheep (Shoals:1)
  9 hippogriffs
  12 snapping turtles
  19 slime creatures
  Sigmund (D:2)
  A spriggan (D:11)
  A fire dragon skeleton (Crypt:1)
  42 redbacks
  3 air elementals
  19 tarantellas
  2 wraiths (D:12)
  5 wyverns
  4 fire bats (D:13)
  8 water elementals
  A vampire (D:14)
  A fire elemental (Elf:2)
  20 humans (D:13)
  39 yaks
  3 hogs (D:14)
  6 vampire mosquitoes
  A yaktaur simulacrum (Vaults:1)
  Grum (D:8)
  5 basilisks
  2 hungry ghosts
  16 wargs
  3 steam dragons
  A deep troll zombie (Crypt:1)
  2 swamp worms (Spider:3)
  2 acid dragons
  4 hell hounds (Lair:6)
  8 water moccasins
  11 porcupines
  3 ice beasts
  A black bear (D:12)
  3 eyes of draining
  4 sky beasts
  A manticore zombie (Crypt:1)
  2 necrophages
  23 orc warriors
  18 ogres
  15 centaurs
  2 phantoms (D:6)
  13 wolves
  18 crocodiles
  4 big kobolds
  13 bullfrogs
  8 gnoll sergeants (Bailey)
  A wyvern skeleton (D:10)
  An earth elemental (Elf:2)
  A polar bear zombie (Crypt:1)
  6 scorpions
  A spriggan zombie (Crypt:1)
  6 killer bees
  4 wights
  2 electric eels
  2 howler monkeys
  10 crimson imps
  5 lava snakes
  2 bullfrog zombies
  2 centaur zombies
  A quasit (D:13)
  8 hounds
  5 jellies
  7 gnoll shamans
  19 orc priests
  33 orc wizards
  4 iguanas
  Natasha (twice) (D:4)
  18 worker ants
  A demigod skeleton (Crypt:1)
  A worker ant zombie (D:7)
  18 adders
  23 gnolls
  A howler monkey skeleton (D:4)
  3 shadow imps
  2 oozes (D:7)
  An adder zombie (D:6)
  3 worms
  8 leopard geckos
  133 orcs
  4 giant cockroaches
  4 goblins
  4 hobgoblins
  12 jackals
  20 kobolds
  5 quokkas
  3 ball pythons
  8 bats
  7 frilled lizards
  2 giant cockroach zombies (D:6)
  A leopard gecko zombie (D:8)
  11 rats
  A rat skeleton (Crypt:1)
  3 fire vortices (D:13)
1272 creatures vanquished.

Vanquished Creatures (collateral kills)
  An orc sorcerer (Orc:2)
  2 orc wizards (Orc:2)
3 creatures vanquished.

Vanquished Creatures (others)
  A frost giant (Shoals:4)
  An unseen horror (D:15)
  A deep elf archer (Elf:2)
  A cyclops (Vaults:1)
  A tyrant leech (Spider:3)
  An orc wizard (D:5)
  6 fungi
  18 plants
  A withered plant (D:8)
31 creatures vanquished.

Grand Total: 1306 creatures vanquished

Notes
Turn   | Place    | Note
-------+----------+-------------------------------------------
     0 | D:1      | JustSomeDude the Demonspawn Fighter began the quest for the
                  | Orb.
     0 | D:1      | Reached XP level 1. HP: 18/18 MP: 1/1
   169 | D:1      | Gained mutation: You are slightly more attuned to the
                  | shadows. [demonic ancestry]
   169 | D:1      | Reached XP level 2. HP: 23/24 MP: 2/2
   789 | D:2      | Noticed Sigmund
   834 | D:2      | Killed Sigmund
   834 | D:2      | Reached skill level 1 in Short Blades
   834 | D:2      | Reached skill level 1 in Dodging
   834 | D:2      | Reached skill level 1 in Stealth
   834 | D:2      | Reached XP level 3. HP: 8/29 MP: 3/3
   834 | D:2      | Gained mutation: You have a somewhat thin skeletal
                  | structure. (Dex +2, Stealth) [demonic ancestry]
   834 | D:2      | Reached XP level 4. HP: 10/36 MP: 4/4
   834 | D:2      | Gained mutation: You regenerate a little health from kills.
                  | [demonic ancestry]
   834 | D:2      | Reached XP level 5. HP: 11/41 MP: 5/5
  1763 | D:3      | Found a hazy altar of Hepliaklqana.
  1905 | D:3      | Reached skill level 2 in Stealth
  1972 | D:3      | Gained mutation: You have large cloven feet. [demonic
                  | ancestry]
  1972 | D:3      | Reached XP level 6. HP: 34/47 MP: 6/6
  2510 | D:4      | Noticed Natasha
  2528 | D:4      | Killed Natasha
  2552 | D:4      | Reached skill level 3 in Stealth
  2661 | D:4      | Found a shadowy altar of Dithmenos.
  2677 | D:4      | Became a worshipper of Dithmenos the Shadowed
  2740 | D:4      | Noticed Natasha
  2748 | D:4      | Killed Natasha
  2801 | D:4      | Gained mutation: You regenerate health from kills. [demonic
                  | ancestry]
  2801 | D:4      | Reached XP level 7. HP: 53/53 MP: 7/7
  2818 | D:4      | Got a pair of fine boots
  2820 | D:4      | Identified the +1 pair of boots of the Game of Kings {rN+}
                  | (You found it on level 4 of the Dungeon)
  2938 | D:4      | Found a staircase to the Ecumenical Temple.
  2946 | Temple   | Entered the Ecumenical Temple
  3023 | D:5      | Entered Level 5 of the Dungeon
  3845 | D:5      | Gained mutation: You regenerate a lot of health from kills.
                  | [demonic ancestry]
  3845 | D:5      | Reached XP level 8. HP: 52/60 MP: 8/8
  3979 | D:5      | Reached * piety under Dithmenos
  3979 | D:5      | Reached skill level 5 in Short Blades
  4063 | D:5      | Reached skill level 4 in Stealth
  4747 | D:6      | Reached ** piety under Dithmenos
  5024 | D:6      | Reached XP level 9. HP: 66/66 MP: 9/9
  5039 | D:6      | Found Wuxeicim's Weapon Emporium.
  5160 | D:6      | Reached skill level 5 in Stealth
  5336 | D:7      | Reached skill level 5 in Shields
  5637 | D:7      | Reached skill level 1 in Throwing
  5637 | D:7      | Reached skill level 1 in Invocations
  5751 | D:7      | Reached skill level 5 in Fighting
  5764 | D:7      | Reached *** piety under Dithmenos
  5764 | D:7      | Reached skill level 6 in Stealth
  5808 | D:7      | Noticed an orc knight
  5863 | D:7      | Noticed an orc knight
  6113 | D:8      | Found a runed gate.
  6113 | D:8      | Found a runed gate.
  6115 | D:8      | Found a runed gate.
  6192 | D:8      | Noticed bmj180's ghost (novice TrMo)
  6192 | D:8      | Noticed Swamplord's ghost (novice DEWz)
  6243 | D:8      | Got a twisted large shield
  6244 | D:8      | Identified the +8 large shield of Kujodduz {rPois Regen+
                  | Str-5 SInv} (You found it on level 8 of the Dungeon)
  6280 | D:8      | Reached skill level 5 in Armour
  6548 | D:8      | Noticed Psyche
  6567 | D:8      | Killed Psyche
  6567 | D:8      | Reached XP level 10. HP: 74/74 MP: 12/12
  6693 | D:8      | Noticed Grum
  6725 | D:8      | Killed Grum
  7233 | D:9      | Noticed a two-headed ogre
  7262 | D:9      | Killed a two-headed ogre
  7262 | D:9      | Reached skill level 5 in Invocations
  7388 | D:9      | Reached **** piety under Dithmenos
  7430 | D:9      | Found a staircase to the Lair.
  7484 | D:9      | Reached skill level 7 in Stealth
  7744 | D:9      | Found a shadowy altar of Dithmenos.
  7748 | D:9      | Found a bloodstained altar of Trog.
  7750 | D:9      | Found a blossoming altar of Fedhas.
  7751 | D:9      | Found a glowing golden altar of the Shining One.
  7755 | D:9      | Found a glowing silver altar of Zin.
  8116 | D:10     | Entered Level 10 of the Dungeon
  8438 | D:10     | Got a faintly glowing mace
  8647 | D:10     | Noticed a gargoyle
  8937 | D:10     | Reached ***** piety under Dithmenos
  9233 | D:10     | Gained mutation: You are significantly more attuned to the
                  | shadows. [demonic ancestry]
  9233 | D:10     | Reached XP level 11. HP: 81/81 MP: 15/15
  9351 | Lair:1   | Entered Level 1 of the Lair of Beasts
 10355 | Lair:2   | Noticed Fannar
 10367 | Lair:2   | Killed Fannar
 10522 | Lair:2   | Reached skill level 8 in Stealth
 10618 | Lair:2   | Got a coiled bronze ring
 11087 | Lair:3   | Identified the ring "Bushro Piusi" {*Slow +Blink MP+9 Str+3
                  | Dex+4} (You found it on level 2 of the Lair of Beasts)
 11150 | Lair:3   | Noticed Gastronok
 11170 | Lair:3   | Gained mutation: You can translocate small distances at
                  | will. [potion of mutation]
 11170 | Lair:3   | Gained mutation: Your magical capacity is low. (-10% MP)
                  | [potion of mutation]
 11170 | Lair:3   | Gained mutation: You are somewhat resistant to further
                  | mutation. [potion of mutation]
 11182 | Lair:3   | Killed Gastronok
 11182 | Lair:3   | Reached skill level 9 in Stealth
 11205 | Lair:3   | HP: 5/121 [wolf (6)]
 11419 | Lair:3   | Found a hole to the Spider Nest.
 11467 | Lair:3   | Gained mutation: Your magical and physical power is
                  | slightly enhanced at high health. [demonic ancestry]
 11467 | Lair:3   | Reached XP level 12. HP: 88/88 MP: 16/16
 11628 | Spider:1 | Entered Level 1 of the Spider Nest
 12267 | Lair:4   | Noticed a seven-headed hydra
 12273 | Lair:4   | Killed a seven-headed hydra
 12273 | Lair:4   | Reached skill level 5 in Dodging
 12303 | Lair:4   | Reached skill level 10 in Short Blades
 12846 | Lair:4   | Found a staircase to the Shoals.
 12900 | Shoals:1 | Entered Level 1 of the Shoals
 13108 | Lair:5   | Reached skill level 10 in Stealth
 13187 | Lair:5   | Noticed a five-headed hydra
 13205 | Lair:5   | Killed a five-headed hydra
 13272 | Lair:5   | Reached skill level 1 in Unarmed Combat
 13272 | Lair:5   | Reached skill level 1 in Spellcasting
 13272 | Lair:5   | Reached skill level 1 in Evocations
 13272 | Lair:5   | Gained mutation: You have hoof-like feet. [demonic
                  | ancestry]
 13272 | Lair:5   | Reached XP level 13. HP: 19/95 MP: 18/18
 13281 | Lair:5   | HP: 1/95 [lindwurm/blast of flame (20)]
 14167 | Lair:6   | Entered Level 6 of the Lair of Beasts
 14212 | Lair:5   | Reached skill level 11 in Stealth
 14791 | D:13     | Reached XP level 14. HP: 101/101 MP: 19/19
 14856 | D:13     | Identified the Reference Book on the Mountains and Evil
                  | Secrets
 14888 | D:14     | Found a flagged portal.
 14898 | Bailey   | Entered a bailey
 15491 | D:14     | Noticed Frances
 15495 | D:14     | Killed Frances
 15495 | D:14     | Reached skill level 10 in Invocations
 15557 | D:14     | Noticed Kirke
 16300 | D:14     | Killed Kirke
 16524 | D:15     | Entered Level 15 of the Dungeon
 16909 | D:15     | Reached skill level 12 in Stealth
 17361 | D:15     | Found a staircase to the Depths.
 17372 | D:15     | Paralysed by a great orb of eyes for 2 turns
 17820 | Depths:1 | Entered Level 1 of the Depths
 18322 | D:13     | Reached ****** piety under Dithmenos
 19119 | D:13     | Found a gate to the Vaults.
 19165 | D:13     | Reached skill level 10 in Shields
 19183 | D:13     | Paralysed by a wizard for 7 turns
 19665 | D:12     | Found a staircase to the Orcish Mines.
 19894 | D:12     | Found Zaggu's Antique Weapon Emporium.
 20162 | D:12     | Gained mutation: You have a moderately thin skeletal
                  | structure. (Dex +4, Stealth+) [demonic ancestry]
 20162 | D:12     | Reached XP level 15. HP: 108/108 MP: 21/21
 20705 | D:11     | Reached skill level 13 in Stealth
 20735 | D:11     | Found a shadowy altar of Dithmenos.
 22387 | D:8      | Killed bmj180's ghost
 22404 | D:8      | Killed Swamplord's ghost
 22759 | D:6      | Bought the +9 short sword of Exoneration {freeze, rElec}
                  | for 772 gold pieces
 23483 | Lair:5   | Found a staircase to the Slime Pits.
 23541 | Slime:1  | Entered Level 1 of the Pits of Slime
 23552 | Slime:1  | Noticed an acid blob
 23613 | Slime:4  | Noticed an acid blob
 23749 | Slime:3  | Noticed an acid blob
 23762 | Slime:3  | Noticed an acid blob
 23771 | Slime:2  | Noticed an acid blob
 24483 | Spider:1 | Got a translucent jade ring
 24484 | Spider:1 | Identified the ring "Nutwiw" {*Contam +Blink +Inv Str+6
                  | SInv} (You found it on level 1 of the Spider Nest)
 25396 | Spider:2 | Reached skill level 14 in Stealth
 25635 | Spider:2 | Noticed Jorgrun
 25636 | Spider:2 | Noticed a ghost moth
 25637 | Spider:2 | Killed Jorgrun
 25639 | Spider:2 | Killed a ghost moth
 25997 | Spider:3 | Noticed a ghost moth
 26002 | Spider:3 | Killed a ghost moth
 26304 | Spider:3 | Identified 3 scrolls of acquirement
 26317 | Spider:3 | Got a pair of jewelled boots
 26318 | Spider:3 | Identified the +2 pair of boots of the Pink Corner {Slay+3}
                  | (You acquired it on level 3 of the Spider Nest)
 26389 | Spider:3 | Reached XP level 16. HP: 116/116 MP: 22/22
 26584 | Spider:4 | Entered Level 4 of the Spider Nest
 26944 | Orc:1    | Entered Level 1 of the Orcish Mines
 27425 | Orc:2    | Entered Level 2 of the Orcish Mines
 27425 | Orc:2    | Noticed Sonja
 27431 | Orc:2    | Killed Sonja
 27727 | Orc:2    | Found a roughly hewn altar of Beogh.
 28114 | Orc:2    | Found a staircase to the Elven Halls.
 28288 | Orc:2    | Found an ancient bone altar of Kikubaaqudgha.
 28290 | Orc:2    | Noticed Nergalle
 28309 | Orc:2    | Killed Nergalle
 28341 | Orc:2    | Found a roughly hewn altar of Beogh.
 28348 | Orc:2    | Found Unocuo Pepn's Book Boutique.
 28363 | Orc:2    | Found Kamopret's Gadget Shop.
 28441 | Orc:2    | Found Xuath's Antique Weapon Boutique.
 28451 | Orc:2    | Found a radiant altar of Vehumet.
 28454 | Orc:2    | Noticed Erolcha
 28459 | Orc:2    | Killed Erolcha
 28526 | Orc:2    | Found Doico's Magic Scroll Boutique.
 28532 | Orc:2    | Bought a scroll of identify for 24 gold pieces
 28532 | Orc:2    | Bought a scroll of identify for 24 gold pieces
 28532 | Orc:2    | Bought a scroll of silence for 90 gold pieces
 28532 | Orc:2    | Bought a scroll of fear for 42 gold pieces
 28639 | Elf:1    | Entered Level 1 of the Elven Halls
 29152 | Lair:6   | Found a large runed door.
 29153 | Lair:6   | Found a large runed door.
 29514 | Lair:6   | Reached skill level 15 in Stealth
 29782 | Lair:6   | Got an opalescent robe
 29783 | Lair:6   | Identified the +1 robe of Ybro Dil {rElec SInv} (You found
                  | it on level 6 of the Lair of Beasts)
 31325 | Spider:4 | Reached XP level 17. HP: 124/124 MP: 13/24
 31739 | Spider:4 | Got a gossamer rune of Zot
 32793 | Shoals:4 | Entered Level 4 of the Shoals
 32969 | Shoals:1 | Found a shimmering altar of Xom.
 33919 | Shoals:2 | Noticed Ilsuiw
 34124 | Shoals:2 | Killed Ilsuiw
 35056 | Shoals:4 | Got an ebony arbalest
 35059 | Shoals:4 | Identified the +9 arbalest of Itoeroff {flame, rF+ Stlth+}
                  | (You took it off a merfolk javelineer on level 4 of the
                  | Shoals)
 35111 | Shoals:4 | Noticed Roxanne
 35369 | Shoals:4 | Killed Roxanne
 35529 | Shoals:4 | Reached skill level 10 in Armour
 35643 | Shoals:4 | Reached skill level 16 in Stealth
 35769 | Shoals:4 | Reached XP level 18. HP: 94/132 MP: 25/25
 35777 | Shoals:4 | Got a barnacled rune of Zot
 37639 | Elf:2    | Found a runed gate.
 37639 | Elf:2    | Found a runed gate.
 37639 | Elf:2    | Found a runed gate.
 37689 | Elf:2    | Found Mofraub's General Store.
 38335 | Vaults:1 | Entered Level 1 of the Vaults
 38591 | Vaults:1 | Found a runed door.
 38592 | Vaults:1 | Noticed Bodigarde's ghost (adept SpEn)
 39228 | Vaults:1 | Found Qunkekk's Food Boutique.
 39326 | Vaults:1 | Gained mutation: You have hooves in place of feet. [demonic
                  | ancestry]
 39326 | Vaults:1 | Reached XP level 19. HP: 140/140 MP: 26/26
 39958 | Vaults:1 | You fall through a shaft!
 40036 | Vaults:2 | Found a staircase to the Crypt.
 40038 | Vaults:2 | Reached skill level 17 in Stealth
 40040 | Vaults:2 | Reached skill level 10 in Fighting
 40049 | Crypt:1  | Entered Level 1 of the Crypt
 40267 | Crypt:1  | Noticed Margery
 40270 | Crypt:1  | Found a magical portal.
 40287 | Crypt:1  | Killed Margery
 40362 | Crypt:1  | Paralysed by a vampire knight for 5 turns
 40365 | Crypt:1  | HP: 5/140 [vampire knight/war axe (5)]
 40365 | Crypt:1  | Slain by a jiangshi

Skill      XL: |  1  2  3  4  5  6  7  8  9 10 11 12 13 14 15 16 17 18 19 |
---------------+----------------------------------------------------------+-----
Armour         | 3 4 5 6 7 8 9 10 11 | 11.5
Short Blades   | 1 2 3 4 6 7 8 9 10 11 12 13 14 | 14.5
Dodging        | 1 2 3 4 5 6 7 8 |  8.4
Stealth        | 1 2 3 4 6 7 9 10 11 12 14 15 16 17 | 17.2
Shields        | 3 4 5 7 8 9 10 12 13 14 | 14.3
Fighting       | 4 5 6 7 8 9 10 | 10.1
Throwing       | 1 2 3 |  3.4
Invocations    | 3 6 7 9 11 12 13 14 | 14.3
Unarmed Combat | 1 |  1.3
Spellcasting   | 1 |  1.3
Evocations     | 1 3 |  3.2
Polearms       | |  1.9

Action                   |  1- 3 |  4- 6 |  7- 9 | 10-12 | 13-15 | 16-18 | 19-21 || total
-------------------------+-------+-------+-------+-------+-------+-------+-------++-------
Melee: Trident           |    76 |       |       |       |       |       |       ||    76
       Dagger            |    20 |   246 |   587 |       |       |       |       ||   853
       Kick              |       |    47 |       |       |       |       |   114 ||   161
       Short sword       |       |       |   418 |  1097 |  1779 |  2159 |   185 ||  5638
Throw: Tomahawk          |       |       |    27 |     1 |     7 |    66 |       ||   101
Invok: Shadow Step       |       |       |       |       |     3 |    15 |     3 ||    21
       Shadow Form       |       |       |       |       |     1 |     2 |       ||     3
 Abil: Evoke Flight      |       |       |       |       |     2 |       |       ||     2
Evoke: Wand              |       |       |       |     5 |     1 |     2 |     1 ||     9
       Sack of spiders   |       |       |       |       |       |     2 |       ||     2
  Use: Potion            |     2 |       |     7 |    13 |     9 |     4 |     3 ||    38
       Scroll            |       |       |     6 |     7 |    29 |    13 |     2 ||    57
 Stab: Sleeping          |     1 |    15 |    28 |    61 |   178 |   125 |    22 ||   430
       Distracted        |       |       |     1 |     2 |    12 |    20 |     1 ||    36
       Invisible         |       |       |       |     3 |    12 |     5 |       ||    20
       Confused          |       |       |       |       |       |     3 |       ||     3
  Eat: Chunk             |       |     7 |    11 |    21 |    29 |    19 |       ||    87
       Ration            |       |       |     2 |     1 |     4 |     8 |     1 ||    16
Armor: Scale mail        |    36 |       |       |       |       |       |       ||    36
       Ring mail         |     1 |    63 |   232 |   128 |    55 |       |       ||   479
       Skin              |       |       |    16 |    38 |     8 |       |       ||    62
       Troll leather arm |       |       |       |       |    84 |    21 |       ||   105
       Fire dragon scale |       |       |       |       |       |   238 |    25 ||   263
Dodge: Dodged            |    37 |    56 |   298 |   170 |   296 |   372 |    34 ||  1263
Block: Shield            |    41 |    87 |   370 |       |       |       |       ||   498
       Large shield      |       |       |    60 |  1038 |  1549 |  1930 |   167 ||  4744
       Reflection        |       |       |       |       |       |    70 |     1 ||    71
